 Dungeon Crawl Stone Soup version 0.29-a0-817-g9904bce7a6 (webtiles) character file.

Game seed: 16288231833370424375

129 buhh the Insei (level 5, -1/33 HPs)
             Began as an Octopode Transmuter on July 5, 2022.
             Slain by an orc wizard
             ... wielding a +0 dagger
              (4 damage)
             ... on level 3 of the Dungeon.
             The game lasted 00:04:12 (3402 turns).

buhh the Insei (Octopode Transmuter)                Turns: 3402, Time: 00:04:13

Health: -1/33      AC:  1    Str: 10    XL:     5   Next: 12%
Magic:  7/8        EV: 13    Int: 17    God:
Gold:   146        SH:  0    Dex: 12    Spells: 2/8 levels left

rFire   + . .      SeeInvis .     - Unarmed
rCold   . . .      Faith    .   (no shield)
rNeg    . . .      Spirit   .   (helmet restricted)
rPois   .          Reflect  .   (no amulet)
rElec   .          Harm     .   j - ring of protection from fire
rCorr   .          Rampage  .   (no ring)
Will    .....                   (no ring)
Stlth   +++.......              (no ring)
HPRegen 0.11/turn               (no ring)
MPRegen 0.11/turn               (no ring)
                                (no ring)
                                (no ring)

@: wereblooded (expiring)
A: almost no armour, amphibious, 8 rings, camouflage 1, gelatinous body 1,
(nimble swimmer 1), tentacles
a: no special abilities


You were on level 3 of the Dungeon.
You visited 1 branch of the dungeon, and saw 3 of its levels.

You collected 146 gold pieces.

Inventory:

Missiles
 p - a throwing net {!f}
Magical Staves
 e - a staff of death
Jewellery
 j - a ring of protection from fire (left tentacle)
Wands
 D - a wand of acid (8)
Scrolls
 b - 2 scrolls of identify {unknown}
 c - a scroll of immolation {unknown}
 d - a scroll of enchant weapon {unknown}
 h - a scroll of fear {unknown}
 i - a scroll of blinking {unknown}
 k - a scroll of noise {unknown}
 m - a scroll of summoning {unknown}
Potions
 a - a potion of mutation {unknown}
 f - 2 potions of invisibility {unknown}
 g - 2 potions of curing {unknown}
 l - a potion of lignification {!d}
 n - a potion of heal wounds {unknown}
 o - 2 potions of flight {unknown}
 q - a potion of haste {unknown}


   Skills:
 - Level 1.0 Fighting
 - Level 2.0 Dodging
 * Level 3.8 Stealth
 * Level 4.2 Unarmed Combat
 - Level 2.0 Spellcasting
 * Level 2.8 Transmutations
 - Level 1.0 Poison Magic


You had 2 spell levels left.
You knew the following spells:

 Your Spells              Type           Power      Damage    Failure   Level
a - Beastly Appendage     Tmut           22%        N/A       6%          1
b - Wereblood             Tmut           11%        N/A       9%          2
c - Spider Form           Tmut/Pois      8%         N/A       26%         3

Your spell library contained the following spells:

 Spells                   Type           Power      Damage    Failure   Level
 Apportation              Tloc           2%         N/A       19%         1
 Confusing Touch          Hex            1%         N/A       50%         3
 Ice Form                 Ice/Tmut       6%         N/A       71%         4
 Alistair's Intoxication  Tmut/Pois      5%         N/A       94%         5
 Yara's Violent Unravell  Hex/Tmut       3%         3d4       96%         5
 Enfeeble                 Hex            0%         N/A       100%        7


Dungeon Overview and Level Annotations

Branches:
Dungeon (3/15) Zot: 14606

Altars:

Annotations:
D:3 exclusion: door


Innate Abilities, Weirdness & Mutations

You cannot wear most types of armour.
You are amphibious.
You can wear up to eight rings at the same time.
Your skin changes colour to match your surroundings (Stealth+).
Your rubbery body absorbs attacks. (AC +1, EV +1)
((You are camouflaged when in or above water. (Stealth+)))
You have tentacles for arms and can constrict up to eight enemies at once.


Message History

Your transformation is almost over.
The orc misses you. Something hits you.
You bump into the rock wall.
You howl as the wereblood boils in your veins!
The orc closely misses you. Something hits you.
You bump into the rock wall.
You feel less confused. The orc hits you with a +0 short sword.
Something hits you. Something hits you.
You bludgeon the orc!
You feel a bit better.
You kill the orc!
You tentacle-slap the orc. You grab the orc. You squeeze the orc.
You feel a bit better.
You kill the orc!
You miss something. Your squeeze misses something.
You hear some strange, mumbled words.
You are confused.
You barely miss something. Your squeeze misses something. Something hits you.
You are too confused!
There is an open door here.
You bump into the rock wall.
Your tentacle spike disappears.
Something hits you.
You are too confused!
Unknown command.
You barely miss something. Your squeeze misses something. Something hits you.
Something hits you.
Your primal bloodlust is almost over.
You miss something. Your squeeze misses something.
You feel less confused. Something hits you.
* * * LOW HITPOINT WARNING * * *
Aiming: Corrosive Bolt
Press: ? - help, Shift-Dir - straight line Something hits you.
* * * LOW HITPOINT WARNING * * *
Aiming: Corrosive Bolt
Press: ? - help, Shift-Dir - straight line Something hits you.
You die...

#..'.............+.# #.....#
#..###+###.###'###.# #.....#
#..# #.# #.# #.# #.#.#.#
#..# #.###.###.# #.# #.....#
#..# #...))'...# #.###.....#
#..# #)##### #...#.#.#.#
#..# #.# #..##.....#
#..#######'#######..)#.....#
#..........@.......#.#.#.#.#
#...#########.######.#.....#
##.##########.# #.#.....#
#............# #.#.#.#.#
############## #.#.....#
#.#.....# #.......#
#########


There were no monsters in sight!

Vanquished Creatures
  An orc wizard (D:3)
  2 adders (D:2)
  4 dart slugs
  8 orcs (D:3)
  4 endoplasms
  4 giant cockroaches
  8 goblins
  7 hobgoblins
  5 kobolds
  2 quokkas
  5 ball pythons
  3 bats
  4 frilled lizards
  9 rats
66 creatures vanquished.

Notes
Turn   | Place    | Note
-------+----------+-------------------------------------------
     0 | D:1      | buhh the Octopode Transmuter began the quest for the Orb.
     0 | D:1      | Reached XP level 1. HP: 13/13 MP: 3/3
   618 | D:1      | Reached XP level 2. HP: 16/18 MP: 1/5
  1423 | D:2      | Reached XP level 3. HP: 19/23 MP: 4/6
  2172 | D:2      | Reached XP level 4. HP: 28/28 MP: 5/7
  2491 | D:2      | Learned a level 2 spell: Wereblood
  2495 | D:2      | Learned a level 3 spell: Spider Form
  3033 | D:3      | Reached skill level 4 in Unarmed Combat
  3048 | D:3      | Reached XP level 5. HP: 33/33 MP: 8/8
  3402 | D:3      | Slain by an orc wizard

Illustrated notes

Levels and vault maps discovered:
D:1:      amcnicky_arrival_wind_blow, layout_loops_ring
D:2:      layout_loops_ring
D:3:      layout_loops_ring, minmay_door_square, columned_hall_lemuel,
          minmay_joined_circles

Skill      XL: |  1  2  3  4 |
---------------+-------------+-----
Stealth        | 1 2 3 |  3.8
Unarmed Combat | 4 |  4.2
Poison Magic   | 1 |  1.0
Fighting       | |  1.0
Dodging        | |  2.0
Spellcasting   | |  2.0
Transmutations | |  2.8

Action                   |  1- 3 |  4- 6 || total
-------------------------+-------+-------++-------
Melee: Unarmed           |    65 |    69 ||   134
       Kick              |    16 |    11 ||    27
       Constrict         |    15 |    14 ||    29
       Tentacles         |     9 |     5 ||    14
       Punch             |     2 |       ||     2
 Cast: Beastly Appendage |    26 |    15 ||    41
       Wereblood         |       |     1 ||     1
Evoke: Wand              |       |     2 ||     2
  Use: Potion            |       |     1 ||     1
 Stab: Sleeping          |     5 |     7 ||    12
Armor: Skin              |     3 |    26 ||    29
Dodge: Dodged            |    33 |    20 ||    53

Table legend: (Time is in decaauts)
 A = Elapsed time spent in this place.
 B = Non-inter-level travel time spent in this place.
 C = Inter-level travel time spent in this place.
 D = Time resting spent in this place.
 E = Time spent auto-exploring this place.
 F = Levels seen in this place.
 G = Mean time per level.
                   A        B        C        D        E       F      G
               +--------+--------+--------+--------+--------+-----+--------+
         Total |   3392 |   3371 |     21 |    909 |   1976 |   3 | 1130.7 |
       Dungeon |   3392 |   3371 |     21 |    909 |   1976 |   3 | 1130.7 |
               +--------+--------+--------+--------+--------+-----+--------+

Top non-repeatable levels by time:
     D:1: 1370 daAuts
     D:2: 1127 daAuts
     D:3: 895 daAuts
